 Dungeon Crawl Stone Soup version 0.26-a0-52-gd53d4cd058 (webtiles) character file.

Game seed: 1557849583553223660

12593 mortelune the Spear-Bearer (level 11, 0/93 HPs)
             Began as a Merfolk Skald on June 6, 2020.
             Was an Elder of Makhleb.
             Engulfed by a cloud of flame (5 damage)
             ... in a volcano.
             The game lasted 00:34:32 (16733 turns).

mortelune the Spear-Bearer (Merfolk Skald)         Turns: 16733, Time: 00:34:33

Health: 0/93       AC: 13    Str: 14    XL:     11   Next: 95%
Magic:  0/16       EV: 18    Int: 10    God:    Makhleb [****..]
Gold:   504        SH:  0    Dex: 14    Spells: 9/17 levels left

rFire    + . .     SeeInvis .   m - +3 spear (vorpal)
rCold    + + .     Gourm    .   (no shield)
rNeg     + . .     Faith    .   z - +2 ring mail of Piluj {rF+ rC++ Int-3}
rPois    .         Spirit   +   o - +0 helmet
rElec    .         Reflect  .   q - +2 cloak
rCorr    .         Harm     .   x - +1 pair of gloves
MR       .....                  (no boots)
Stlth    +.........             G - amulet of guardian spirit
HPRegen  0.25/turn              (no ring)
MPRegen  0.15/turn              N - ring of positive energy

@: no status effects
A: change form in water, swift swim, stealthy swim
a: Minor Destruction, Lesser Servant of Makhleb, Major Destruction, Renounce
Religion


You were in a volcano.
You worshipped Makhleb.
Makhleb was greatly pleased with you.
You were very hungry.

You visited 2 branches of the dungeon, and saw 12 of its levels.
You also visited: Sewer and Volcano.

You collected 729 gold pieces.
You spent 225 gold pieces at shops.

Inventory:

Hand Weapons
 a - a +0 spear
 m - a +3 vorpal spear (weapon)
 K - a +0 glaive
Missiles
 c - 20 boomerangs (quivered)
Armour
 o - a +0 helmet (worn)
 q - a +2 cloak (worn)
 x - a +1 pair of gloves (worn)
 z - the +2 ring mail of Piluj (worn) {rF+ rC++ Int-3}
   (You found it on level 4 of the Dungeon)

   It affects your intelligence (-3).
   It protects you from fire.
   It greatly protects you from cold.
Jewellery
 j - an uncursed ring of ice
 G - an amulet of guardian spirit (around neck)
 L - a +6 ring of dexterity
 N - a ring of positive energy (right hand)
Wands
 v - a wand of flame (32)
 y - a wand of paralysis (8)
 B - a wand of polymorph (27)
 C - a wand of enslavement (7)
 D - a wand of iceblast (27)
Scrolls
 e - a scroll of fear
 h - 2 scrolls of remove curse
 i - a scroll of identify
 l - 2 scrolls of amnesia
 r - 3 scrolls of enchant armour
 t - 2 scrolls of teleportation
 A - a scroll of noise
 E - 3 scrolls of immolation
 H - 2 scrolls of enchant weapon
 I - 2 scrolls of magic mapping
 J - 2 scrolls of random uselessness
Potions
 g - 3 potions of might
 k - 3 potions of ambrosia
 n - 7 potions of heal wounds
 p - 2 potions of stabbing
 s - a potion of brilliance
 u - 7 potions of curing
 w - 3 potions of flight
 F - a potion of haste
Comestibles
 d - 18 rations


   Skills:
 + Level 11.0 Fighting
 + Level 13.8 Polearms
 + Level 2.1 Armour
 - Level 12.3 Dodging
 - Level 3.5 Spellcasting
 + Level 8.1 Charms
 + Level 1.1 Invocations


You had 9 spell levels left.
You knew the following spells:

 Your Spells              Type           Power        Failure   Level  Hunger
a - Infusion              Chrm           ###.         1%          1    #......
b - Song of Slaying       Chrm           ###.....     2%          2    ###....
c - Shroud of Golubria    Chrm/Tloc      #.....       16%         2    ###....
d - Spectral Weapon       Hex/Chrm       #.......     30%         3    ###....

Your spell library contained the following spells:

 Spells                   Type           Power        Failure   Level  Hunger
 Ozocubu's Armour         Chrm/Ice       #.......     30%         3    ###....
 Corona                   Hex            #......      47%         1    #......
 Magic Dart               Conj           #...         47%         1    #......
 Summon Small Mammal      Summ           #...         47%         1    #......
 Blink                    Tloc           N/A          63%         2    ###....
 Call Imp                 Summ           #.......     63%         2    ###....
 Ensorcelled Hibernation  Hex/Ice        #.....       63%         2    ###....
 Slow                     Hex            #.......     63%         2    ###....
 Call Canine Familiar     Summ           #.......     85%         3    ###....
 Confusing Touch          Hex            #.......     85%         3    ###....
 Conjure Flame            Conj/Fire      #.......     85%         3    ###....
 Dazzling Flash           Conj/Hex       #.....       85%         3    ###....
 Mephitic Cloud           Conj/Pois/Air  #.......     85%         3    ###....
 Summon Guardian Golem    Hex/Summ       #.......     85%         3    ###....
 Tukima's Dance           Hex            #.......     85%         3    ###....
 Cause Fear               Hex            #.........   99%         4    #####..
 Summon Ice Beast         Ice/Summ       #.......     99%         4    #####..
 Summon Lightning Spire   Summ/Air       #.......     99%         4    #####..
 Silence                  Hex/Air        #.........   100%        5    ######.
 Yara's Violent Unravell  Hex/Tmut       #.........   100%        5    ######.
 Discord                  Hex            #.........   100%        8    #######


Dungeon Overview and Level Annotations

Branches:
Dungeon (10/15)            Temple (0/1) D:7            Lair (2/6) D:9
 Shoals (0/4) Lair:2        Snake (0/4) Lair:2          Orc (0/2) D:9
  Sewer (visited)         Volcano (1/1)

Altars:
Hepliaklqana
Makhleb
Nemelex Xobeh
Sif Muna
Vehumet
Xom
Yredelemnul
Zin
Beogh

Shops:
D:5 [[*   D:6 }


Message History

* * * LOW HITPOINT WARNING * * *
The hell knight burns you.
* * * LOW HITPOINT WARNING * * *
Your surroundings seem slightly different.
As you read the scroll of teleportation, it crumbles to dust.
You feel strangely unstable.
The hell knight points at you and mumbles some strange words.
The puff of flame hits you. You resist.
* * * LOW HITPOINT WARNING * * *
The hell knight points at you and mumbles some strange words.
The puff of flame misses you.
As you read the scroll of fog, it crumbles to dust.
The scroll dissolves into smoke.
The air gets thick with the scent of sulphur.
Your surroundings suddenly seem different.
In the distance, the volcano erupts with a roar.
You are engulfed in blazing flames.
You resist.
* * * LOW HITPOINT WARNING * * *
You are engulfed in blazing flames.
You resist.
You die...

+.!.!.'.O# °#
+.._..'..##§○≈
#.....#...#☼§°
#######...#☼≈○
+!).!!'O..#≈≈°
#..≈O)#...#≈≈≈
#8≈≈≈8#...#
+..≈..°..#
+..☼○@○..# §
#8.○○8#.##§≈
°≈###..○○☼###§≈§
≈≈§≈≈..○○○○○≈≈≈≈
#≈≈§§8.○○8○☼☼°§≈
###≈≈.°○○☼☼○☼°○#
#§≈..°○☼○§°###
##≈8°○○8○○○#
##.°°○○####


You could see a two-headed ogre.

Vanquished Creatures
  An ogre mage (Volcano)
  Harold (D:8)
  A black mamba (Lair:2)
  A spiny frog (Lair:1)
  2 komodo dragons (Lair:1)
  2 trolls (D:9)
  A meliai zombie (D:10)
  2 hippogriffs
  5 spriggans (Lair:1)
  A wyvern (Lair:1)
  A human (D:9)
  2 hogs (D:9)
  3 fire bats (Lair:2)
  7 yaks
  A hungry ghost (D:7)
  A naga (Lair:2)
  2 porcupines (Lair:1)
  5 water moccasins
  5 orc warriors (D:9)
  A black bear (D:10)
  A sky beast (D:8)
  3 ice beasts
  A necrophage (D:7)
  An eye of draining (D:10)
  6 ogres
  5 centaurs
  3 wolves (D:9)
  A crocodile (Lair:1)
  6 bullfrogs
  3 scorpions
  16 killer bees
  3 howler monkeys
  3 electric eels
  A bullfrog zombie (D:6)
  6 crimson imps
  5 hounds
  4 jellies
  A bullfrog skeleton (D:10)
  6 orc priests
  A gnoll shaman (D:8)
  A centaur skeleton (D:5)
  Ijyb (D:3)
  Natasha (thrice) (D:4)
  4 orc wizards
  9 worker ants
  2 killer bee zombies
  A hound skeleton (D:7)
  14 gnolls
  16 adders
  A shadow imp (D:5)
  3 oozes
  An adder skeleton (D:8)
  A worm (D:5)
  4 dart slugs
  4 leopard geckos
  36 orcs
  5 bats
  6 giant cockroaches
  8 goblins
  5 hobgoblins
  13 jackals
  3 quokkas
  5 ball pythons
  11 frilled lizards
  A jackal skeleton (D:5)
  12 kobolds
  A quokka skeleton (D:5)
  6 rats
  5 plants (Sewer)
303 creatures vanquished.

Vanquished Creatures (others)
  A fungus (Lair:2)
  20 plants (Lair:1)
21 creatures vanquished.

Grand Total: 324 creatures vanquished

Notes
Turn   | Place    | Note
-------+----------+-------------------------------------------
     0 | D:1      | mortelune the Merfolk Skald began the quest for the Orb.
     0 | D:1      | Reached XP level 1. HP: 16/16 MP: 3/3
   483 | D:1      | Reached XP level 2. HP: 13/23 MP: 5/5
  1717 | D:1      | Reached XP level 3. HP: 28/28 MP: 6/6
  1980 | D:1      | Reached skill level 4 in Polearms
  2617 | D:1      | Reached XP level 4. HP: 13/35 MP: 2/7
  3712 | D:2      | Reached XP level 5. HP: 34/41 MP: 5/8
  3717 | D:2      | Reached skill level 5 in Polearms
  4146 | D:3      | Found a glowing silver altar of Zin.
  4146 | D:3      | Found a hazy altar of Hepliaklqana.
  4528 | D:3      | Noticed Ijyb
  4528 | D:3      | Paralysed by Ijyb for 4 turns
  4542 | D:3      | Killed Ijyb
  4638 | D:4      | Noticed Natasha
  4648 | D:4      | Killed Natasha
  4648 | D:4      | Reached skill level 5 in Dodging
  4675 | D:3      | Reached XP level 6. HP: 44/48 MP: 9/9
  4688 | D:3      | Learned a level 2 spell: Song of Slaying
  4691 | D:3      | Learned a level 2 spell: Shroud of Golubria
  4695 | D:3      | Learned a level 3 spell: Spectral Weapon
  4811 | D:4      | Got a translucent ring mail
  4822 | D:4      | Identified the +2 ring mail of Piluj {rF+ rC++ Int-3} (You
                  | found it on level 4 of the Dungeon)
  5131 | D:4      | Noticed Natasha
  5143 | D:4      | Killed Natasha
  5143 | D:4      | Reached skill level 6 in Polearms
  5190 | D:4      | Noticed Natasha
  5205 | D:4      | Killed Natasha
  5731 | D:5      | Entered Level 5 of the Dungeon
  5826 | D:5      | Found a glowing drain.
  5857 | Sewer    | Entered a sewer
  6880 | D:5      | Found Nucvaeta's Armour Boutique.
  6900 | D:5      | Reached XP level 7. HP: 53/55 MP: 10/10
  6914 | D:5      | Bought a +2 cloak for 181 gold pieces
  7037 | D:5      | Reached skill level 5 in Fighting
  7037 | D:5      | Reached skill level 7 in Polearms
  7138 | D:5      | Found Cumoagal's Assorted Antiques.
  7150 | D:5      | Bought a scroll labeled RIVVOR DUPHUNG for 22 gold pieces
  7150 | D:5      | Bought a scroll labeled PIFFAPU LOUXO for 22 gold pieces
  7240 | D:5      | Found Kenipuwe's Antique Armour Shop.
  7558 | D:6      | Reached XP level 8. HP: 62/64 MP: 11/11
  7593 | D:6      | Reached skill level 8 in Polearms
  7775 | D:6      | Found Bocs's Gadget Shop.
  7856 | D:6      | Found a burning altar of Makhleb.
  7865 | D:6      | Became a worshipper of Makhleb the Destroyer
  8552 | D:6      | Reached skill level 9 in Polearms
  8817 | D:7      | Reached XP level 9. HP: 37/72 MP: 5/12
  9035 | D:7      | Found a staircase to the Ecumenical Temple.
  9207 | D:7      | Reached * piety under Makhleb
  9207 | D:7      | Reached skill level 10 in Polearms
  9614 | D:7      | Found a radiant altar of Vehumet.
  9638 | D:7      | Found a shimmering blue altar of Sif Muna.
  9912 | D:7      | Reached skill level 10 in Dodging
 10032 | D:8      | Reached skill level 11 in Polearms
 10590 | D:8      | Reached XP level 10. HP: 82/82 MP: 10/13
 10691 | D:8      | Found a basalt altar of Yredelemnul.
 10708 | D:8      | Reached ** piety under Makhleb
 10895 | D:8      | Found a sparkling altar of Nemelex Xobeh.
 10899 | D:8      | Noticed Harold
 10933 | D:8      | Killed Harold
 10933 | D:8      | Reached skill level 5 in Charms
 11625 | D:9      | Reached skill level 12 in Polearms
 12413 | D:9      | Found a staircase to the Lair.
 12623 | D:9      | Found a roughly hewn altar of Beogh.
 12693 | D:9      | Reached *** piety under Makhleb
 12695 | D:9      | Found a staircase to the Orcish Mines.
 13137 | D:9      | Reached skill level 10 in Fighting
 13160 | D:9      | Reached XP level 11. HP: 90/90 MP: 0/14
 13756 | D:9      | Found a shimmering altar of Xom.
 13847 | D:10     | Entered Level 10 of the Dungeon
 13940 | D:10     | Reached skill level 13 in Polearms
 15304 | Lair:1   | Entered Level 1 of the Lair of Beasts
 15830 | Lair:1   | Reached skill level 1 in Armour
 16117 | Lair:1   | Noticed a six-headed hydra
 16302 | Lair:2   | Reached **** piety under Makhleb
 16354 | Lair:2   | Found a dark tunnel.
 16374 | Volcano  | Entered a volcano
 16564 | Volcano  | Noticed an ogre mage
 16567 | Volcano  | Found a radiant altar of Vehumet.
 16568 | Volcano  | Noticed a hell knight
 16574 | Volcano  | Paralysed by an ogre mage for 5 turns
 16583 | Volcano  | Killed an ogre mage
 16583 | Volcano  | Reached skill level 1 in Invocations
 16700 | Volcano  | Noticed a two-headed ogre
 16701 | Volcano  | Noticed a two-headed ogre
 16701 | Volcano  | Noticed a two-headed ogre
 16732 | Volcano  | HP: 4/93 [something (6)]
 16733 | Volcano  | Engulfed by a cloud of flame

Illustrated notes

Levels and vault maps discovered:
D:1:      kilobyte_arrival_exit_the_forest, layout_basic
D:2:      layout_basic, minmay_misc_feat_rugged
D:3:      layout_loops_ring, grunt_temple_overflow_open, uniq_ijyb
D:4:      layout_cave_pods, first_ration, kennysheep_windowed_goal, uniq_natasha
D:5:      layout_rooms, serial_shops, shop, kennysheep_little_box, shop,
          cheibrodos_sewer_entry_bend
D:6:      layout_loops_ring, kennysheep_mini_moat, serial_shops, shop,
          kennysheep_big_empty_room
D:7:      layout_loops_cross, vehumet_altar_wand_db, kennysheep_mini,
          minmay_temple_entry_large_hall
D:8:      layout_rooms, lemuel_doored_altar, basic_altar, uniq_harold
D:9:      layout_loops_ring, xom_teletrap_fun, erik_lair_island, david_orc_5,
          grunt_livestock
D:10:     layout_gridville, st_stairs_6, dk_noncrumbling_3, minivault_4
Lair:1:   kb_forest_paths, layout_small_grid, serial_forest,
          infiniplex_forest_clump_small, infiniplex_forest_lined_room_3,
          infiniplex_forest_clump_long, infiniplex_forest_straight_3,
          infiniplex_forest_straight_5, infiniplex_forest_straight_2,
          infiniplex_forest_lined_2, infiniplex_forest_lined_1,
          serial_bayou_pond_d, small_statue_intersection
Lair:2:   layout_long_grid, elwin_shoals_entry_stream,
          minmay_snake_entry_guardpost_small, nicolae_volcano_entry_batcave,
          chequers_serial_rivers_micro_a, chequers_serial_rivers_micro_d
Volcano:  kennysheep_volcano_temple

Skill      XL: |  1  2  3  4  5  6  7  8  9 10 11 |
---------------+----------------------------------+-----
Dodging        | 3 4 5 7 8 10 11 12 | 12.3
Fighting       | 3 4 5 7 8 10 11 | 11.0
Polearms       | 4 5 6 7 9 11 12 13 | 13.8
Charms         | 4 6 8 |  8.1
Armour         | 2 |  2.1
Spellcasting   | 3 |  3.5
Invocations    | 1 |  1.1

Action                   |  1- 3 |  4- 6 |  7- 9 | 10-12 || total
-------------------------+-------+-------+-------+-------++-------
Melee: Spear             |   130 |   392 |   470 |   702 ||  1694
       Tailslap          |       |     8 |       |       ||     8
       Glaive            |       |       |       |    42 ||    42
 Cast: Infusion          |     1 |     2 |     2 |    10 ||    15
       Shroud of Golubri |       |     1 |     2 |    15 ||    18
       Song of Slaying   |       |       |     3 |     6 ||     9
Invok: Minor Destruction |       |       |       |     1 ||     1
       Lesser Servant of |       |       |       |     2 ||     2
Evoke: Wand              |       |       |       |    12 ||    12
  Use: Scroll            |       |     7 |     9 |    10 ||    26
       Potion            |       |       |     2 |     2 ||     4
 Stab: Sleeping          |       |     1 |       |       ||     1
       Confused          |       |       |       |     2 ||     2
  Eat: Chunk             |     4 |    15 |    12 |    13 ||    44
       Ration            |       |       |     1 |     2 ||     3
Armor: Leather armour    |     3 |       |       |       ||     3
       Scale mail        |    47 |     9 |       |       ||    56
       Ring mail         |       |    58 |   110 |   191 ||   359
Dodge: Dodged            |    52 |    88 |   239 |   427 ||   806

Table legend:
 A = Non-vault XP
 B = Vault XP
 C = Vault XP percentage of total XP
 D = Non-vault monster count
 E = Vault monster count
 F = Vault count percentage of total count
                 A         B        C        D         E       F
            +---------+---------+-------+---------+---------+-------
      Total |    9967 |    8023 |  44.6 |     218 |      80 |  26.8
            +---------+---------+-------+---------+---------+-------
        D:1 |      82 |       0 |   0.0 |      24 |       0 |   0.0
        D:2 |     126 |       0 |   0.0 |      22 |       0 |   0.0
        D:3 |      44 |      36 |  45.0 |      15 |       1 |   6.2
        D:4 |     173 |      35 |  16.8 |      12 |       1 |   7.7
        D:5 |     584 |       5 |   0.8 |      17 |       1 |   5.6
        D:6 |     794 |       0 |   0.0 |      21 |       0 |   0.0
        D:7 |    1864 |       2 |   0.1 |      38 |       1 |   2.6
        D:8 |    1338 |     979 |  42.3 |      22 |       2 |   8.3
        D:9 |    1483 |    2696 |  64.5 |      16 |      36 |  69.2
       D:10 |    2043 |       0 |   0.0 |      24 |       0 |   0.0
     Lair:1 |     642 |    2417 |  79.0 |       4 |      10 |  71.4
     Lair:2 |     794 |     737 |  48.1 |       3 |       4 |  57.1
      Sewer |       0 |      68 | 100.0 |       0 |      23 | 100.0
    Volcano |       0 |    1048 | 100.0 |       0 |       1 | 100.0
            +---------+---------+-------+---------+---------+-------
